[Event "Titled Tuesday Blitz April 25 Late 2023"]
[White "Piesik, Piotr"]
[Black "Federzoni, Enzo"]
[WhiteFideId "1136194"]
[BlackFideId "2173301"]
[WhiteElo "2299"]
[BlackElo "2039"]
[Result "1-0"]
[Round "03"]
[TimeControl "180+2"]
[Date "2023.04.25"]
[WhiteClock "0:00:08"]
[BlackClock "0:00:02"]

1. Nf3 Nf6 2. g3 b5 3. Bg2 Bb7 4. O-O e6 5. d3 Be7 6. Nbd2 O-O 7. a4 b4 8. a5 a6 9. e4 d6 10. b3 c5 11. Bb2 e5 12. Nc4 Nc6 13. Nfd2 Rb8 14. f4 exf4 15. gxf4 d5 16. exd5 Nxd5 17. Ne4 f5 18. Ned6 Nd4 19. Nxb7 Rxb7 20. Qe1 Bf6 21. Kh1 Re7 22. Qf2 Re2 23. Qg3 Nxc2 24. Bxf6 Nxf6 25. Ra2 Nd4 26. Rxe2 Nxe2 27. Qe3 Nd4 28. Qe5 Nxb3 29. Qxf5 Qd4 30. Ne5 Nd2 31. Rd1 Nd5 32. Qe6+ Kh8 33. Bxd5 Qxf4 34. Nf7+ Rxf7 35. Qxf7 Qb8 36. Rxd2 b3 37. Bxb3 c4 38. Qxc4 Qb7+ 39. Qd5 Qb8 40. Re2 h6 41. Qf7 Qa8+ 42. Bd5 Qg8 43. Qxg8# 1-0


[Site "https://www.chess.com"]

[Event "Titled Tuesday Blitz April 25 Late 2023"]
[White "Silva, Miguel Antonio Neto"]
[Black "Ismagilov, Damir"]
[WhiteFideId "1911929"]
[BlackFideId "34199982"]
[WhiteElo "2223"]
[BlackElo "2078"]
[Result "1-0"]
[Round "03"]
[TimeControl "180+2"]
[Date "2023.04.25"]
[WhiteClock "0:00:12"]
[BlackClock "0:00:15"]

1. c4 e6 2. d4 Nf6 3. Nc3 Bb4 4. e3 O-O 5. Bd3 Re8 6. Bd2 d6 7. a3 Bxc3 8. Bxc3 Nbd7 9. Ne2 e5 10. Bf5 exd4 11. Nxd4 Ne5 12. Bxc8 Rxc8 13. b3 Qd7 14. O-O Ne4 15. Bb2 c5 16. Nb5 a6 17. Nc3 Ng5 18. Nd5 Ngf3+ 19. gxf3 Qh3 20. Bxe5 dxe5 21. Kh1 h5 22. Rg1 Rc6 23. Rg3 Qh4 24. Qf1 Rg6 25. Qh3 Qxh3 26. Rxh3 b5 27. cxb5 axb5 28. Rg3 Rd6 29. e4 c4 30. bxc4 bxc4 31. Rc1 Rc8 32. Rgg1 Rc5 33. Rg5 f6 34. Rxh5 Ra6 35. Rc3 Ra7 36. Rh3 Rb7 37. Rg3 Rb3 38. Rc2 Rxa3 39. Nxf6+ Kf7 40. Nd5 Rd3 41. Rg5 Rxf3 42. Rxe5 c3 43. Kg2 Rd3 44. Kf1 Rh3 45. Ke2 Rxh2 46. Rf5+ Ke6 47. Nf4+ Kd6 48. Rxc5 Kxc5 49. Rxc3+ Kd4 50. Re3 Ke5 51. Nd3+ Kd4 52. e5 Rh8 53. e6 Re8 54. e7 g5 55. Nb4 Kc5 56. Nd3+ Kd6 57. Kf3 Kd7 58. Kg4 Kd6 59. Kxg5 Kd7 60. Kf6 Ra8 61. f4 Ke8 62. f5 Ra6+ 63. Kg5 Ra1 64. Nf4 Rg1+ 65. Kf6 Rd1 66. Ng6 Rf1 67. Rb3 Kd7 68. Rd3+ Kc7 69. e8=Q Kb6 70. Qe6+ Kc5 71. Qd5+ Kb6 72. Rb3+ 1-0


[Site "https://www.chess.com"]

[Event "Titled Tuesday Blitz April 25 Late 2023"]
[White "Schnaider, Ilan"]
[Black "Olsson, William"]
[WhiteFideId "169013"]
[BlackFideId "1741721"]
[WhiteElo "2224"]
[BlackElo "2197"]
[Result "1-0"]
[Round "03"]
[TimeControl "180+2"]
[Date "2023.04.25"]
[WhiteClock "0:00:30"]
[BlackClock "0:00:09"]

1. d4 d5 2. c4 c6 3. Nf3 Nf6 4. g3 dxc4 5. Bg2 b5 6. O-O Bb7 7. b3 cxb3 8. axb3 Nbd7 9. Nc3 e6 10. Qc2 a6 11. Rd1 Qb6 12. Ne5 Nxe5 13. dxe5 Nd5 14. Ne4 c5 15. Bb2 Be7 16. Nd6+ Bxd6 17. exd6 O-O 18. e4 Nf6 19. Bxf6 gxf6 20. Qc3 Kg7 21. g4 e5 22. g5 fxg5 23. Qxe5+ f6 24. Qg3 h6 25. h4 Rad8 26. hxg5 hxg5 27. e5 Rde8 28. d7 Rxe5 29. Bxb7 Qxb7 30. d8=Q Rxd8 31. Rxd8 Qe7 32. Rad1 Kg6 33. Qd3+ f5 34. Qd6+ Qxd6 35. R8xd6+ Kh5 36. Rxa6 c4 37. bxc4 bxc4 38. Rc6 Re4 39. Rc1 1-0


[Site "https://www.chess.com"]

[Event "Titled Tuesday Blitz April 25 Late 2023"]
[White "Chernobay, Artem"]
[Black "Liu, Casper"]
[WhiteFideId "4167406"]
[BlackFideId "1454153"]
[WhiteElo "2474"]
[BlackElo "2221"]
[Result "1-0"]
[Round "03"]
[TimeControl "180+2"]
[Date "2023.04.25"]
[WhiteClock "0:01:14"]
[BlackClock "0:00:20"]

1. e4 e5 2. Nc3 Nf6 3. g3 c6 4. d4 exd4 5. Qxd4 d5 6. exd5 Nxd5 7. Bg2 Be6 8. Nge2 c5 9. Qa4+ Nc6 10. O-O Nxc3 11. Nxc3 Qc8 12. f4 g6 13. Ne4 Be7 14. Be3 O-O 15. Bxc5 Bxc5+ 16. Nxc5 Nd8 17. Ne4 Qb8 18. Nf6+ Kh8 19. Qd4 Nc6 20. Bxc6 bxc6 21. Nd7+ 1-0


[Site "https://www.chess.com"]

[Event "Titled Tuesday Blitz April 25 Late 2023"]
[White "Luong Phuong Hanh"]
[Black "Ibadov, Dashgyn"]
[WhiteFideId "12401013"]
[BlackFideId "24107514"]
[WhiteElo "2081"]
[BlackElo "2208"]
[Result "0-1"]
[Round "03"]
[TimeControl "180+2"]
[Date "2023.04.25"]
[WhiteClock "0:00:05"]
[BlackClock "0:00:20"]

1. d4 Nf6 2. Nf3 d5 3. c4 e6 4. g3 c6 5. Bg2 Be7 6. O-O O-O 7. Qc2 b6 8. Bf4 Bb7 9. Rd1 Nbd7 10. Ne5 Nh5 11. Bc1 Nhf6 12. Bf4 Rc8 13. Nc3 dxc4 14. Nxc4 Nd5 15. Bd6 N7f6 16. Bxe7 Qxe7 17. e4 Nxc3 18. bxc3 c5 19. e5 Nd5 20. Nd6 Rcd8 21. Nxb7 Qxb7 22. c4 Nb4 23. Qa4 Qc7 24. a3 b5 25. Qxb5 Nc2 26. d5 Qxe5 27. Rac1 Nd4 28. Qxc5 Ne2+ 29. Kh1 Nxc1 30. Rxc1 Rc8 31. Qxa7 exd5 32. Bxd5 Rc7 33. Qb6 Rfc8 34. Rd1 g6 35. a4 Qe2 36. Rg1 Rc5 37. a5 Rxd5 38. cxd5 Qf3+ 39. Rg2 Rc1# 0-1


[Site "https://www.chess.com"]

[Event "Titled Tuesday Blitz April 25 Late 2023"]
[White "Martinez Reyes, Pedro Ramon"]
[Black "Fajdetic, Hrvoje"]
[WhiteFideId "3901807"]
[BlackFideId "14501945"]
[WhiteElo "2340"]
[BlackElo "2185"]
[Result "1-0"]
[Round "03"]
[TimeControl "180+2"]
[Date "2023.04.25"]
[WhiteClock "0:01:45"]
[BlackClock "0:00:21"]

1. f4 f5 2. Nf3 Nf6 3. g3 e6 4. Bg2 Be7 5. O-O O-O 6. d3 d6 7. Nc3 Nc6 8. e4 e5 9. fxe5 dxe5 10. exf5 Qe8 11. Ng5 Bc5+ 12. Kh1 Nd4 13. g4 h5 14. h3 hxg4 15. hxg4 g6 16. Nge4 Bb6 17. Bh6 gxf5 18. Bxf8 Nxg4 19. Qxg4+ fxg4 20. Nf6+ Kxf8 21. Nxe8+ Kxe8 22. Rae1 Nc6 23. Bxc6+ bxc6 24. Rxe5+ Kd7 25. Ne4 c5 26. c4 Bb7 27. Rf7+ Kc6 28. Re6# 1-0


[Site "https://www.chess.com"]

[Event "Titled Tuesday Blitz April 25 Late 2023"]
[White "Tymrakiewicz, Rafal"]
[Black "Lenaerts, Lennert"]
[WhiteFideId "1108832"]
[BlackFideId "211435"]
[WhiteElo "2151"]
[BlackElo "2334"]
[Result "0-1"]
[Round "03"]
[TimeControl "180+2"]
[Date "2023.04.25"]
[WhiteClock "0:00:02"]
[BlackClock "0:00:40"]

1. e4 e5 2. Nf3 Nc6 3. Bb5 g6 4. h4 h6 5. h5 g5 6. d4 exd4 7. Nxd4 Bg7 8. Nf5 Bf6 9. Nc3 Nge7 10. g4 a6 11. Ba4 b5 12. Bb3 d6 13. Nd5 Nxd5 14. Qxd5 Qd7 15. f4 Bb7 16. fxg5 hxg5 17. Bxg5 Bxg5 18. Ng7+ Kf8 19. Qxg5 Ne5 20. O-O-O Qxg4 21. Rhg1 Qxg5+ 22. Rxg5 Rh7 23. h6 Rxh6 24. Rf1 Rh7 25. Rxe5 Rxg7 26. Ref5 Bxe4 27. Rxf7+ Rxf7 28. Rxf7+ Ke8 29. Rxc7 Kd8 30. Rg7 Bc6 31. a4 bxa4 32. Bc4 Bd7 33. Kd2 Kc7 34. Kc3 Kc6 0-1


[Site "https://www.chess.com"]

[Event "Titled Tuesday Blitz April 25 Late 2023"]
[White "Bueno, Alfeu Junior Varela"]
[Black "Janaszak, Dawid"]
[WhiteFideId "2108879"]
[BlackFideId "1119206"]
[WhiteElo "2175"]
[BlackElo "2220"]
[Result "0-1"]
[Round "03"]
[TimeControl "180+2"]
[Date "2023.04.25"]
[WhiteClock "0:00:04"]
[BlackClock "0:00:05"]

1. e4 c5 2. Nc3 e6 3. f4 d5 4. Nf3 dxe4 5. Nxe4 Be7 6. Bb5+ Bd7 7. Qe2 Nc6 8. f5 Nf6 9. fxe6 Bxe6 10. Bxc6+ bxc6 11. Nfg5 O-O 12. Nxe6 fxe6 13. Ng5 Qd7 14. Qxe6+ Qxe6+ 15. Nxe6 Rf7 16. O-O c4 17. b3 Re8 18. Bb2 Ne4 19. Rxf7 Kxf7 20. Nxg7 Rd8 21. Rf1+ Kg6 22. Re1 Bc5+ 23. Kf1 Rf8+ 24. Ke2 Rf2+ 25. Kd1 Rxd2+ 26. Kc1 c3 27. Ne6 cxb2+ 28. Kxb2 Bd6 29. Rxe4 Rxg2 30. h4 Kf5 31. Re1 Be5+ 32. Rxe5+ Kxe5 33. Ng5 h5 34. Kc3 Kf4 35. Ne6+ Kg4 36. Nd4 Kxh4 37. Nxc6 Kg3 38. Nd4 h4 39. Nf5+ Kg4 40. Nxh4 Kxh4 41. Kd4 Rxc2 0-1


[Site "https://www.chess.com"]

[Event "Titled Tuesday Blitz April 25 Late 2023"]
[White "Vifleemskaia, Svetlana"]
[Black "Krishnan, Varun"]
[WhiteFideId "4129490"]
[BlackFideId "5054508"]
[WhiteElo "1930"]
[BlackElo "2341"]
[Result "1/2-1/2"]
[Round "03"]
[TimeControl "180+2"]
[Date "2023.04.25"]
[WhiteClock "0:00:04"]
[BlackClock "0:00:09"]

1. d4 Nf6 2. c4 e6 3. Nc3 Bb4 4. e3 O-O 5. Ne2 b6 6. a3 Be7 7. d5 Bb7 8. g3 d6 9. Bg2 e5 10. O-O Nbd7 11. b4 Rc8 12. e4 c5 13. Bb2 cxb4 14. axb4 Rxc4 15. Rxa7 Qb8 16. Qa4 Nc5 17. Qa2 Rxb4 18. f3 Nd3 19. Bc1 Nxc1 20. Rxc1 b5 21. Qa5 Bd8 22. Qxb4 Qxa7+ 23. Kh1 Bb6 24. Qxb5 Ba6 25. Qb3 Rc8 26. h4 Bc4 27. Qb2 Be3 28. Rd1 Nd7 29. Kh2 Nc5 30. Nb5 Qb6 31. Rb1 Rb8 32. Nec3 h6 33. Bf1 Bxf1 34. Rxf1 Bd4 35. Rb1 Na4 36. Nxa4 Qa5 37. Nac3 Bxc3 38. Qxc3 Rxb5 39. Qxa5 Rxa5 40. Rb8+ Kh7 41. Rd8 Ra2+ 42. Kh3 Rf2 43. Kg4 h5+ 44. Kxh5 Rxf3 45. Kg4 Rf6 46. Rd7 Rg6+ 47. Kh3 Rf6 48. Kg4 Kh6 49. h5 Kh7 50. Kh4 g6 51. hxg6+ Kxg6 52. Kg4 Kg7 53. Rd8 Rg6+ 54. Kf3 Rf6+ 55. Kg4 Rg6+ 56. Kf3 Rh6 57. Rd7 Rf6+ 58. Kg4 Kf8 59. Kg5 Rg6+ 60. Kh4 Ke8 61. Ra7 Rf6 62. Ra8+ Ke7 63. Ra7+ Kf8 64. Ra8+ Kg7 65. Kg4 Kg6 66. Rd8 Kh7 67. Rd7 Kg7 68. Rd8 1/2-1/2


[Site "https://www.chess.com"]

[Event "Titled Tuesday Blitz April 25 Late 2023"]
[White "Ozates, Tuna"]
[Black "Rodriguez Santiago, Jaime"]
[WhiteFideId "6354521"]
[BlackFideId "3100898"]
[WhiteElo "2151"]
[BlackElo "2025"]
[Result "0-1"]
[Round "03"]
[TimeControl "180+2"]
[Date "2023.04.25"]
[WhiteClock "0:00:03"]
[BlackClock "0:00:15"]

1. e4 c6 2. d4 d5 3. exd5 cxd5 4. c4 e6 5. Nc3 Nf6 6. a3 Be7 7. Nf3 O-O 8. c5 b6 9. b4 a5 10. Bf4 bxc5 11. dxc5 axb4 12. axb4 Rxa1 13. Qxa1 Nc6 14. Qa4 d4 15. Qxc6 dxc3 16. Ba6 Bxa6 17. Qxa6 Nd5 18. Qc4 Nxf4 19. Qxf4 Qd3 20. Qe3 Qb1+ 21. Ke2 Qxh1 22. Qxc3 Rd8 23. c6 Qd1+ 24. Ke3 Qd6 25. b5 Qc7 26. Qc4 Qb6+ 27. Ke2 Bd6 28. Nd2 Bc7 29. Nb3 h6 30. Qc5 Qb8 31. g3 Bb6 32. Qc3 Qd6 33. Nd2 Qc7 34. Nc4 Bc5 35. Ne5 Bd4 36. b6 Qxe5+ 0-1


[Site "https://www.chess.com"]

[Event "Titled Tuesday Blitz April 25 Late 2023"]
[White "Danielyan, Vahe"]
[Black "De Souza, Cristiano Gomes"]
[WhiteFideId "13304828"]
[BlackFideId "2151758"]
[WhiteElo "2423"]
[BlackElo "2068"]
[Result "1/2-1/2"]
[Round "03"]
[TimeControl "180+2"]
[Date "2023.04.25"]
[WhiteClock "0:02:12"]
[BlackClock "0:00:22"]

1. e4 c5 2. Nc3 d6 3. d4 cxd4 4. Qxd4 Nc6 5. Qd2 g6 6. b3 Bg7 7. Bb2 Nh6 8. O-O-O O-O 9. f4 a6 10. Nf3 Qa5 11. Kb1 Bg4 12. h3 Bxf3 13. gxf3 Rac8 14. f5 Ne5 15. Nd5 Qxd2 16. Nxe7+ Kh8 17. Rxd2 Rce8 18. Nd5 Nxf3 19. Rf2 Bxb2 20. Kxb2 Ng5 21. Bg2 Nxe4 22. Bxe4 Rxe4 23. fxg6 hxg6 24. Rf6 Kg7 25. Rxd6 Nf5 26. Rd7 Rd4 27. Re1 Rh8 28. c4 Rxh3 29. Rxb7 Rh2+ 30. Ka3 Rdd2 31. Nc3 Rc2 32. Ne4 Rxa2+ 33. Kb4 a5+ 34. Kc5 Rhe2 35. Rxe2 Rxe2 36. Ng5 Re7 37. Rb5 Re5+ 38. Kb6 Rxb5+ 39. Kxb5 Nd4+ 40. Ka4 f6 41. Ne4 f5 42. Nd6 Kf6 43. c5 f4 44. Kxa5 Nxb3+ 45. Kb4 Nxc5 46. Kxc5 Ke5 47. Nc4+ Ke4 48. Nd2+ Ke3 49. Nc4+ Kf2 50. Ne5 g5 51. Kd4 Kg3 52. Ke4 g4 53. Kd3 f3 54. Kd2 Kf4 55. Nd3+ Kg3 56. Ke1 Kg2 57. Nf4+ Kg3 58. Nd3 Kg2 59. Nf4+ Kg3 60. Nd3 1/2-1/2


[Site "https://www.chess.com"]

[Event "Titled Tuesday Blitz April 25 Late 2023"]
[White "Bogaudinov, Rushan"]
[Black "Martic, Ivan"]
[WhiteFideId "4129288"]
[BlackFideId "929301"]
[WhiteElo "1967"]
[BlackElo "2360"]
[Result "0-1"]
[Round "03"]
[TimeControl "180+2"]
[Date "2023.04.25"]
[WhiteClock "0:00:08"]
[BlackClock "0:00:14"]

1. e4 c5 2. Nc3 e6 3. f4 d5 4. Bb5+ Bd7 5. Bxd7+ Qxd7 6. Nf3 Nf6 7. Ne5 Qc8 8. exd5 exd5 9. d4 cxd4 10. Qxd4 Bc5 11. Qd3 O-O 12. Bd2 Nc6 13. O-O-O Nb4 14. Qf3 Qf5 15. Nd3 Nxd3+ 16. Qxd3 Qxd3 17. cxd3 Ng4 18. Be1 Be3+ 19. Kb1 d4 20. Ne4 Bxf4 21. Bb4 Rfe8 22. g3 Bh6 23. Rdf1 Ne3 24. Rf3 Rac8 25. Nd6 Red8 26. Nxc8 Rxc8 27. Bd2 f6 28. Re1 b5 29. a3 Kf7 30. h4 g6 31. g4 Kg7 32. g5 fxg5 33. Bxe3 dxe3 34. Rfxe3 gxh4 35. Re7+ Kg8 36. Rxa7 h3 37. Rh1 Rc1+ 38. Rxc1 Bxc1 39. Re7 h2 40. Re1 Be3 41. Rh1 Bg1 42. Kc2 Kf7 43. Kd2 Ke6 44. Ke2 Kd5 45. b3 Kd4 46. a4 bxa4 47. bxa4 Kc5 48. Kf1 Kb4 49. Rxg1 hxg1=Q+ 50. Kxg1 Kxa4 51. Kf2 Kb4 52. Ke3 Kc5 53. Ke4 Kd6 54. Kd4 h5 55. Ke4 h4 56. Kf4 Kd5 57. Kg4 g5 58. Kf3 Kd4 59. Ke2 h3 60. Kf3 Kxd3 61. Kg3 g4 62. Kxg4 h2 0-1


[Site "https://www.chess.com"]

[Event "Titled Tuesday Blitz April 25 Late 2023"]
[White "Chylewski, Patryk"]
[Black "Aigner, Michael"]
[WhiteFideId "1186191"]
[BlackFideId "2017288"]
[WhiteElo "2163"]
[BlackElo "1966"]
[Result "1-0"]
[Round "03"]
[TimeControl "180+2"]
[Date "2023.04.25"]
[WhiteClock "0:00:39"]
[BlackClock "0:00:46"]

1. e4 c5 2. Nf3 Nc6 3. c3 Nf6 4. e5 Nd5 5. d4 cxd4 6. cxd4 d6 7. Bc4 Nb6 8. Bb5 dxe5 9. Nxe5 Bd7 10. Bxc6 Bxc6 11. Nxc6 bxc6 12. O-O e6 13. Nc3 Be7 14. Qg4 Bf6 15. Rd1 O-O 16. Ne4 Kh8 17. Be3 Nd5 18. Rac1 Rc8 19. Bg5 Bxg5 20. Qxg5 h6 21. Qxd8 Rfxd8 22. g3 Kg8 23. Kf1 Kf8 24. Ke2 Ke7 25. Rc5 Nf6 26. Nxf6 Kxf6 27. Ke3 Rd5 28. Rdc1 Rxc5 29. Rxc5 Rc7 30. Kd3 Ke7 31. Kc4 Kd6 32. Ra5 Rb7 33. b4 g6 34. Ra6 Kc7 35. a4 h5 36. Kc5 Kd7 37. Rxc6 Rxb4 38. Rd6+ Ke7 39. Rxe6+ Kxe6 40. Kxb4 Kd5 41. Kc3 a5 42. Kd3 f5 43. f4 1-0


[Site "https://www.chess.com"]

[Event "Titled Tuesday Blitz April 25 Late 2023"]
[White "Harish, Neeraj"]
[Black "Karttunen, Mika"]
[WhiteFideId "30958130"]
[BlackFideId "502081"]
[WhiteElo "1965"]
[BlackElo "2396"]
[Result "0-1"]
[Round "03"]
[TimeControl "180+2"]
[Date "2023.04.25"]
[WhiteClock "0:00:07"]
[BlackClock "0:00:32"]

1. e4 c5 2. Nf3 d6 3. d4 cxd4 4. Nxd4 Nf6 5. Nc3 a6 6. Be3 e5 7. Nb3 Be6 8. f3 Be7 9. Qd2 O-O 10. O-O-O Nbd7 11. g4 b5 12. g5 Nh5 13. Nd5 Bxd5 14. exd5 f6 15. h4 Ng3 16. Rh3 Nxf1 17. Rxf1 fxg5 18. hxg5 g6 19. Rfh1 Rf7 20. Na5 Qc7 21. Nc6 Nb8 22. Qh2 Bf8 23. f4 Nxc6 24. dxc6 exf4 25. Bxf4 Re8 26. Bd2 Re4 27. Bc3 d5 28. Qd2 Qxc6 29. Re3 d4 30. Rxe4 Qxe4 31. Re1 dxc3 32. Rxe4 cxd2+ 33. Kxd2 Be7 34. Re6 Bxg5+ 35. Kc3 Rf6 36. Re8+ Kg7 37. Re7+ Rf7 0-1


[Site "https://www.chess.com"]

[Event "Titled Tuesday Blitz April 25 Late 2023"]
[White "Fiorito, Francisco"]
[Black "Tsyhanchuk, Stanislav"]
[WhiteFideId "180165"]
[BlackFideId "13505130"]
[WhiteElo "2341"]
[BlackElo "2173"]
[Result "1-0"]
[Round "03"]
[TimeControl "180+2"]
[Date "2023.04.25"]
[WhiteClock "0:01:41"]
[BlackClock "0:01:42"]

1. d4 Nf6 2. c4 e6 3. Nf3 d5 4. cxd5 exd5 5. Qc2 c6 6. Bf4 Bd6 7. Bxd6 Qxd6 8. e3 Ne4 9. Bd3 Bf5 10. Nbd2 Nxd2 11. Nxd2 Bxd3 12. Qxd3 Na6 13. a3 Nc7 14. O-O O-O 15. b4 a5 16. Rab1 axb4 17. axb4 Nb5 18. Rb3 f5 19. g3 Ra2 20. Nf3 Rfa8 21. Qxf5 R2a3 22. Rxa3 Nxa3 23. Ne5 Qxb4 24. Qe6+ 1-0


[Site "https://www.chess.com"]

[Event "Titled Tuesday Blitz April 25 Late 2023"]
[White "Smith, Garrett L"]
[Black "Przybylski, Wojciech"]
[WhiteFideId "2024829"]
[BlackFideId "1117599"]
[WhiteElo "2047"]
[BlackElo "2222"]
[Result "0-1"]
[Round "03"]
[TimeControl "180+2"]
[Date "2023.04.25"]
[WhiteClock "0:00:29"]
[BlackClock "0:00:24"]

1. e4 e5 2. Nf3 Nf6 3. d4 Nxe4 4. Bd3 d5 5. dxe5 Nc5 6. O-O Be7 7. Nc3 c6 8. Nd4 Nxd3 9. Qxd3 g6 10. Bh6 Bf8 11. Bf4 Bg7 12. Rfe1 Be6 13. Nxe6 fxe6 14. Qh3 Qe7 15. Ne2 O-O 16. Bg3 Nd7 17. Nd4 Rae8 18. Bh4 Qf7 19. f4 c5 20. Nb5 Qxf4 21. Nd6 Nxe5 22. Nxe8 Rxe8 23. Bg3 Qd4+ 24. Kh1 Ng4 25. c3 Nf2+ 26. Bxf2 Qxf2 27. Rxe6 Rf8 28. Qe3 Qxb2 29. Rd1 Qxc3 30. Qxc3 Bxc3 31. g3 d4 32. Re7 b5 33. Rxa7 c4 34. Kg2 d3 35. a4 b4 36. Rc7 d2 37. Rxc4 Ra8 38. Rc7 Rxa4 39. Rb7 Ra8 40. Kf2 Re8 0-1


[Site "https://www.chess.com"]

[Event "Titled Tuesday Blitz April 25 Late 2023"]
[White "Garmash, Aliona"]
[Black "Liu, Eric"]
[WhiteFideId "34127620"]
[BlackFideId "30960240"]
[WhiteElo "1959"]
[BlackElo "2094"]
[Result "0-1"]
[Round "03"]
[TimeControl "180+2"]
[Date "2023.04.25"]
[WhiteClock "0:00:01"]
[BlackClock "0:01:27"]

1. d4 b6 2. c4 Bb7 3. Nc3 e6 4. e4 h5 5. a3 h4 6. h3 d6 7. Bd3 Nd7 8. Nf3 e5 9. Be3 Ngf6 10. O-O Be7 11. Re1 Nh7 12. b4 Ng5 13. Nxg5 Bxg5 14. Qg4 Bxe3 15. Qxg7 Bxf2+ 16. Kxf2 Qf6+ 17. Qxf6 Nxf6 18. dxe5 dxe5 19. Nd5 Bxd5 20. exd5 Rh5 21. Re2 Kd7 22. Rae1 Re8 23. Re3 Rg5 24. g4 hxg3+ 25. Rxg3 Rxg3 26. Kxg3 e4 27. Bc2 Kd6 28. Kf4 Rh8 29. Bxe4 Rxh3 30. Bf3 Rh4+ 31. Kg5 Rxc4 32. Bh1 Nd7 33. Rf1 f6+ 34. Kg6 Rg4+ 35. Kf7 Rg3 36. a4 a5 37. bxa5 bxa5 38. Rb1 Rh3 39. Bg2 Rh7+ 40. Kg6 Rh4 0-1


[Site "https://www.chess.com"]

[Event "Titled Tuesday Blitz April 25 Late 2023"]
[White "Antonova, Nadezhda"]
[Black "Bilan, Danila"]
[WhiteFideId "14700182"]
[BlackFideId "24161918"]
[WhiteElo "1765"]
[BlackElo "2182"]
[Result "0-1"]
[Round "03"]
[TimeControl "180+2"]
[Date "2023.04.25"]
[WhiteClock "0:00:08"]
[BlackClock "0:00:21"]

1. Nf3 d5 2. b3 Nf6 3. Bb2 c5 4. e3 Nc6 5. Bb5 Qb6 6. Qe2 Bd7 7. Bxc6 Bxc6 8. Ne5 g6 9. O-O Bg7 10. d3 O-O 11. Nd2 Qc7 12. f4 b5 13. Nxc6 Qxc6 14. Nf3 Nd7 15. Bxg7 Kxg7 16. c4 e6 17. cxb5 Qxb5 18. Rfc1 Rfc8 19. Rc2 a5 20. Rac1 a4 21. bxa4 Rxa4 22. Qd2 Ra3 23. d4 c4 24. Ne5 Nf6 25. Qe1 Rca8 26. Qe2 Qa5 27. Ra1 Rc3 28. Rxc3 Qxc3 29. Rb1 Ne4 30. h3 Ra7 31. Kh2 Qa3 32. Rb2 Nc3 33. Qc2 Nxa2 34. Qf2 Nc3 35. Rc2 Ne4 36. Qe2 f6 37. Nf3 Qd3 38. Ne1 Qxe2 39. Rxe2 Ra3 40. g4 Nc3 41. Rc2 Nd1 42. Re2 Rxe3 0-1


[Site "https://www.chess.com"]

[Event "Titled Tuesday Blitz April 25 Late 2023"]
[White "Korkmaz, Necmettin"]
[Black "Romero Ruscalleda, Josep"]
[WhiteFideId "6303285"]
[BlackFideId "2231859"]
[WhiteElo "2097"]
[BlackElo "2183"]
[Result "1-0"]
[Round "03"]
[TimeControl "180+2"]
[Date "2023.04.25"]
[WhiteClock "0:01:24"]
[BlackClock "0:01:17"]

1. e4 g6 2. d4 Bg7 3. Nc3 d6 4. f4 a6 5. a4 Nc6 6. Nf3 Bg4 7. Be3 Nf6 8. h3 Bd7 9. g4 O-O 10. e5 Ne8 11. Bc4 e6 12. O-O Na5 13. Bd3 b5 14. axb5 axb5 15. Nxb5 Qb8 16. Qe2 Bxb5 17. Bxb5 c6 18. Bd3 Qxb2 19. Rfb1 Qc3 20. Bd2 Qxa1 21. Rxa1 1-0


[Site "https://www.chess.com"]

[Event "Titled Tuesday Blitz April 25 Late 2023"]
[White "Sailer, Mike"]
[Black "Erdogan, Anil Berk"]
[WhiteFideId "2012901"]
[BlackFideId "6348173"]
[WhiteElo "2109"]
[BlackElo "2007"]
[Result "0-1"]
[Round "03"]
[TimeControl "180+2"]
[Date "2023.04.25"]
[WhiteClock "0:00:01"]
[BlackClock "0:00:08"]

1. d4 Nf6 2. Bg5 e6 3. Nd2 d5 4. e3 h6 5. Bh4 c5 6. c3 Nc6 7. Bd3 Qb6 8. Rb1 Be7 9. f4 Bd7 10. Ngf3 c4 11. Bc2 Qa6 12. b3 Na5 13. bxc4 Nxc4 14. Bd3 Qxa2 15. Bxc4 dxc4 16. Rxb7 Bc6 17. Rc7 Qa6 18. O-O Nd5 19. Rxe7+ Nxe7 20. e4 Ng6 21. d5 Nxh4 22. dxc6 Nxf3+ 23. Qxf3 Qxc6 24. f5 exf5 25. Qxf5 O-O 26. e5 Rae8 27. Ne4 Qg6 28. Qf4 f6 29. Nd6 Rxe5 30. Qxc4+ Kh7 31. Qc7 Re2 32. Qb7 Rd8 33. Nf5 Rdd2 34. Nh4 Qe8 35. Rxf6 Qe3+ 36. Kf1 Re1# 0-1


[Site "https://www.chess.com"]

[Event "Titled Tuesday Blitz April 25 Late 2023"]
[White "Jimenez Almeida, Luis David"]
[Black "Schmidt, Harald"]
[WhiteFideId "22242244"]
[BlackFideId "4648358"]
[WhiteElo "2245"]
[BlackElo "2347"]
[Result "0-1"]
[Round "03"]
[TimeControl "180+2"]
[Date "2023.04.25"]
[WhiteClock "0:00:38"]
[BlackClock "0:00:49"]

1. e4 e5 2. Nf3 Nc6 3. Bb5 Nf6 4. O-O Nxe4 5. d4 Nd6 6. Bxc6 dxc6 7. dxe5 Nf5 8. Qxd8+ Kxd8 9. Rd1+ Ke8 10. h3 h6 11. Nc3 Be6 12. b3 Bb4 13. Ne2 Rd8 14. Rxd8+ Kxd8 15. g4 Ne7 16. c4 Ng6 17. Be3 b6 18. Ned4 Bd7 19. Rd1 Ke8 20. Nc2 Be7 21. Kg2 h5 22. g5 h4 23. a4 a5 24. c5 bxc5 25. Na3 Be6 26. Nc4 Bd5 27. Bd2 Rh5 28. Ne3 Rxg5+ 29. Ng4 Nxe5 30. Bxg5 Bxf3+ 31. Kf1 Bxd1 32. Bxe7 Bxg4 0-1


[Site "https://www.chess.com"]

[Event "Titled Tuesday Blitz April 25 Late 2023"]
[White "Kavutskiy, Konstantin"]
[Black "Winkels, Marcel"]
[WhiteFideId "2026384"]
[BlackFideId "1003887"]
[WhiteElo "2323"]
[BlackElo "1900"]
[Result "1-0"]
[Round "03"]
[TimeControl "180+2"]
[Date "2023.04.25"]
[WhiteClock "0:00:10"]
[BlackClock "0:00:03"]

1. d4 Nf6 2. Bg5 c5 3. d5 d6 4. c4 g6 5. Nc3 Bg7 6. e4 O-O 7. Qd2 e6 8. Be2 Na6 9. Nf3 Re8 10. O-O Nc7 11. h3 exd5 12. exd5 a6 13. Bd3 Bd7 14. a4 Rb8 15. Qf4 Bc8 16. Ne4 Rxe4 17. Bxe4 b5 18. axb5 axb5 19. b3 bxc4 20. bxc4 Rb4 21. Bd3 Ncxd5 22. Qd2 Ne7 23. Ra8 Qc7 24. Rfa1 Nc6 25. Qe3 Rb8 26. Bh6 Be6 27. Bxg7 Kxg7 28. Rxb8 Nxb8 29. Qd2 Nbd7 30. Qc3 Ne5 31. Be2 Nfd7 32. Rd1 Kg8 33. Ng5 Bf5 34. f4 1-0


[Site "https://www.chess.com"]

[Event "Titled Tuesday Blitz April 25 Late 2023"]
[White "Oliveira, Tiago Batista"]
[Black "Kuzmin, Roman"]
[WhiteFideId "2108291"]
[BlackFideId "44134932"]
[WhiteElo "1962"]
[BlackElo "2192"]
[Result "0-1"]
[Round "03"]
[TimeControl "180+2"]
[Date "2023.04.25"]
[WhiteClock "0:00:10"]
[BlackClock "0:00:15"]

1. d4 Nf6 2. c4 e6 3. Nf3 d5 4. g3 Nbd7 5. Bg2 Be7 6. O-O O-O 7. Nbd2 c6 8. Qc2 b6 9. Rd1 Bb7 10. e4 dxc4 11. e5 Nd5 12. Ne4 h6 13. g4 c5 14. g5 h5 15. dxc5 Nxc5 16. Nf6+ gxf6 17. gxf6 Bxf6 18. exf6 Qxf6 19. Qxc4 Kh8 20. Bg5 Qg7 21. b4 Nd7 22. Qh4 Qg6 23. Kh1 f6 24. Bd2 Rg8 25. Rg1 Qg4 26. Qxg4 hxg4 27. Nd4 Rae8 28. Rae1 Ne5 29. f4 gxf3 30. Nxf3 Rxg2 31. Nxe5 Rxd2 32. Nf7+ Kh7 33. Re4 Nf4 0-1


[Site "https://www.chess.com"]

[Event "Titled Tuesday Blitz April 25 Late 2023"]
[White "Remolar Gallen, Jose"]
[Black "Toma, Katarzyna"]
[WhiteFideId "2215187"]
[BlackFideId "1119907"]
[WhiteElo "2223"]
[BlackElo "2149"]
[Result "1-0"]
[Round "03"]
[TimeControl "180+2"]
[Date "2023.04.25"]
[WhiteClock "0:00:08"]
[BlackClock "0:00:01"]

1. d4 d5 2. c4 e6 3. Nc3 Nf6 4. cxd5 exd5 5. Bg5 c6 6. e3 Be7 7. Bd3 O-O 8. Qc2 h6 9. Bh4 Nbd7 10. Nge2 Re8 11. O-O Ne4 12. Bxe7 Qxe7 13. Rae1 Ndf6 14. f3 Ng5 15. e4 dxe4 16. fxe4 Ng4 17. Ng3 Qd6 18. Nce2 Ne3 19. Qc3 Nxf1 20. Rxf1 Be6 21. Nf4 Rad8 22. Nge2 b6 23. Nh5 Nh7 24. d5 f6 25. Nef4 Bf7 26. Ng3 1-0


[Site "https://www.chess.com"]